 Dungeon Sprint DCSS version 0.27.1-33-g824d729ab1 (webtiles) character file.

Game seed: 13175513271351152582

7 hilljack the Ruffian (level 1, 0/16 HPs)
             Began as a Minotaur Transmuter on Dec 8, 2021.
             Slain by a water moccasin (7 damage)
             ... in the Dungeon (Sprint IX: "|||||||||||||||||||||||||||||").
             The game lasted 00:00:11 (27 turns).

hilljack the Ruffian (Minotaur Transmuter)            Turns: 27, Time: 00:00:11

Health: 0/16       AC:  2    Str: 14    XL:     1   Next: 91%
Magic:  1/1        EV: 12    Int: 10    God:
Gold:   0          SH:  0    Dex: 10    Spells: 1/2 levels left

rFire    . . .     SeeInvis .     - Unarmed
rCold    . . .     Faith    .   (no shield)
rNeg     . . .     Spirit   .   a - +0 robe
rPois    .         Reflect  .   (helmet restricted)
rElec    .         Harm     .   (no cloak)
rCorr    .         Rampage  .   (no gloves)
Will     .....     NoTele   +   (no boots)
Stlth    +.........             (no amulet)
HPRegen  0.05/turn              (no ring)
MPRegen  0.07/turn              (no ring)

@: no status effects
A: horns 2, retaliatory headbutt
a: no special abilities


You were in the Dungeon.
You visited 1 branch

Inventory:

Armour
 a - a +0 robe (worn)
Scrolls
 g - a scroll of blinking
Potions
 b - a potion of curing
 d - a potion of haste
 e - 2 potions of magic
 f - a potion of berserk rage


   Skills:
 - Level 1.2 Fighting
 - Level 2.1 Dodging
 + Level 5.4 Unarmed Combat
 - Level 1.3 Spellcasting
 - Level 1.5 Transmutations


You had one spell level left.
You knew the following spells:

 Your Spells              Type           Power      Damage    Failure   Level
a - Beastly Appendage     Tmut           6%         N/A       19%         1

Your spell library contained the following spells:

 Spells                   Type           Power      Damage    Failure   Level
 Wereblood                Tmut           3%         N/A       26%         2
 Spider Form              Tmut/Pois      1%         N/A       58%         3
 Ice Form                 Ice/Tmut       2%         N/A       94%         4


Dungeon Overview and Level Annotations

Branches:
Dungeon (1/1)

Altars:


Innate Abilities, Weirdness & Mutations

You have a pair of horns on your head.
You reflexively headbutt those who attack you in melee.


Message History

You hit the dart slug.
You kill the dart slug!
The quokka bites you.
Your Unarmed Combat skill increases to level 5!
You are too injured to fight recklessly!
You are too injured to fight recklessly!
You are too injured to fight recklessly!
You are too injured to fight recklessly!
You are too injured to fight recklessly!
You are too injured to fight recklessly!
You are too injured to fight recklessly!
You are too injured to fight recklessly!
You are too injured to fight recklessly!
You are too injured to fight recklessly!
You are too injured to fight recklessly!
You are too injured to fight recklessly!
You are too injured to fight recklessly!
You feel much better. The quokka bites you.
You barely miss the quokka. The quokka bites you.
You closely miss the quokka. Your headbutt misses the quokka.
The quokka barely misses you.
You hit the quokka.
The quokka is heavily wounded.
The quokka bites you.
You hit the quokka. Your headbutt misses the quokka.
The quokka is severely wounded.
The quokka barely misses you.
You punch the quokka!
You kill the quokka!
You hit the rat.
You kill the rat!
You see here a dart slug corpse.
As you open the door, it creaks loudly! 2 iguanas, a water moccasin, a zombie and a dart slug come into view.
The iguana hisses angrily.
The water moccasin hisses angrily.
The iguana hisses angrily.
You hit the water moccasin but do no damage.
Your headbutt misses the water moccasin.
The water moccasin bites you!
You die...

▓+▓
▓l▓
▓Z▓
▓l▓
▓.▓
▓w▓
▓S▓
▓@▓
▓.▓
▓.▓
▓†▓
▓)▓
▓'▓
▓.▓
▓.▓
▓.▓


You could see a water moccasin, 2 iguanas, a dart slug and an adder zombie.

Vanquished Creatures
  A dart slug (D)
  A bat (D)
  A goblin (D)
  A quokka (D)
  A rat (D)
5 creatures vanquished.

Notes
Turn   | Place    | Note
-------+----------+-------------------------------------------
     0 | D        | hilljack the Minotaur Transmuter began the quest for the
                  | Orb.
     0 | D        | Reached XP level 1. HP: 16/16 MP: 1/1
     6 | D        | Reached skill level 4 in Unarmed Combat
    15 | D        | Reached skill level 5 in Unarmed Combat
    26 | D        | Noticed an iguana
    26 | D        | Noticed an iguana
    26 | D        | Noticed a water moccasin
    27 | D        | Slain by a water moccasin

Illustrated notes

Levels and vault maps discovered:
D:        linesprint [early_d, line_temple, items_1, d_10, items_2, lair_1,
          lair_end, items_3, orc_1, orc_end, items_4, d_15, swamp_1, shoals_1,
          snake_1, spider_1, d_20, vaults_1, items_5, swamp_end, shoals_end,
          snake_end, spider_end, vaults_end, d_27, items_6, zot_1, zot_end,
          crypt_end, forest_end, elf_end, slime_end, tomb_end, abyss_end,
          pan_hell_end]

Skill      XL: |  1 |
---------------+----+-----
Unarmed Combat | 5 |  5.4
Fighting       | |  1.2
Dodging        | |  2.1
Spellcasting   | |  1.3
Transmutations | |  1.5

Action                   || total
-------------------------++-------
Melee: Unarmed           ||    16
       Headbutt          ||     2
  Use: Potion            ||     1
Armor: Robe              ||     1
Dodge: Dodged            ||     8
